 Dungeon Crawl Stone Soup version 0.31.0-11-ge490571c62 (webtiles) character file.

Game seed: 11136829729120228129

49 qw the Shooter (level 3, -1/18 HPs)
             Began as a Spriggan Hunter on Feb 3, 2024.
             Slain by Terence
             ... wielding a +0 falchion
              (5 damage)
             ... on level 2 of the Dungeon.
             The game lasted 00:00:02 (668 turns).

qw the Shooter (Spriggan Hunter)                     Turns: 668, Time: 00:00:03

Health: -1/18      AC:  2    Str:  7    XL:     3   Next: 53%
Magic:  4/4        EV: 19    Int: 10    God:
Gold:   53         SH:  0    Dex: 20    Spells: 2/2 levels left

rFire   . . .        a - +0 shortbow
rCold   . . .        (shield currently unavailable)
rNeg    + . .        c - +0 robe
rPois   .            (helmet restricted)
rElec   .            (no cloak)
rCorr   .            (gloves unavailable)
SInv    +            (boots unavailable)
Will    .....        (no amulet)
Stlth   ++           e - ring of positive energy
HPRegen 0.23/turn    (no ring)
MPRegen 0.09/turn

%: no passive effects
@: very quick
A: very small, no large weapons, unfitting armour, see invisible, speed 3
a: no special abilities


You were on level 2 of the Dungeon.
You visited 1 branch of the dungeon, and saw 2 of its levels.

You collected 53 gold pieces.


Innate Abilities, Weirdness & Mutations

You are very small and have problems with some larger weapons.
You are too small for most types of armour.
You have supernaturally acute eyesight. (SInv)
You cover ground extremely quickly. (Speed+++)


   Skills:
 - Level 1.5 Fighting
 + Level 4.7 Ranged Weapons
 - Level 4.1 Dodging
 - Level 1.5 Stealth


You had 2 spell levels left.
You didn't know any spells.
Your spell library was empty.

Inventory:

Hand Weapons
 a - a +0 shortbow (weapon)
Armour
 c - a +0 robe (worn)
Jewellery
 e - a ring of positive energy (left hand)
Potions
 d - a potion of resistance

Dungeon Overview and Level Annotations

Branches:
Dungeon (2/15)

Altars:

Annotations:
D:2 Terence


Message History

HP restored.
You see here a +0 flail.
You see here a quokka corpse.
You see here a ball python corpse.
Things that are here:
a +0 spear; a gnoll corpse
Found a stone staircase leading down.
Terence the Incautious comes into view.
He is wielding a +0 falchion.
You shoot an arrow.
Terence shouts!
The arrow hits Terence but does no damage.
You shoot an arrow. The arrow closely misses Terence.
You shoot an arrow. The gnoll shouts!
The arrow hits Terence.
Terence is moderately wounded.
You shoot an arrow. The arrow hits Terence.
Terence is heavily wounded.
You shoot an arrow. The arrow closely misses Terence.
You shoot an arrow. The arrow hits Terence.
Terence is heavily wounded.
Terence misses you. Terence completely misses you.
The gnoll completely misses you.
You shoot an arrow. The arrow hits Terence.
Terence is severely wounded.
The gnoll misses you. Terence hits you with a +0 falchion.
You shoot an arrow. The arrow closely misses Terence.
The arrow barely misses the gnoll.
The gnoll hits you from afar with a +2 spear of pain!
Ouch! That really hurt!
Terence misses you.
You shoot an arrow. The arrow barely misses Terence.
The arrow closely misses the gnoll.
The gnoll barely misses you. Terence closely misses you.
You shoot an arrow.
The arrow hits Terence but does no damage.
Terence is severely wounded.
The gnoll misses you. Terence hits you with a +0 falchion.
You die...
Terence says, "Time to find some more victims."

## ########## ....
#........#
#..#'#...####.#
.....g@@..###.#
...........)%.###
.........####...#
...........##.#.#
>........#.##.#.#
#........#.##.#.#
#........#..).#.#
#........######%########
#........# #.........


You could see Terence and a gnoll.

Vanquished Creatures
  3 gnolls
  A ribbon worm (D:2)
  3 ball pythons
  An endoplasm (D:1)
  A giant cockroach (D:1)
  A goblin (D:1)
  A hobgoblin (D:1)
  A quokka (D:2)
  3 bats (D:1)
  2 kobolds (D:1)
  2 rats (D:1)
19 creatures vanquished.

Notes
Turn   | Place    | Note
-------+----------+-------------------------------------------
     0 | D:1      | qw the Spriggan Hunter began the quest for the Orb.
     0 | D:1      | Reached XP level 1. HP: 10/10 MP: 2/2
     0 | D:1      | 0 ||| qw: Version: 0.3-a-157-g843a77d
     0 | D:1      | 0 ||| qw: Game counter: 3976
     0 | D:1      | 0 ||| qw: Melee chars always use a shield: true
     0 | D:1      | 0 ||| qw: God list: Okawaru
     0 | D:1      | 0 ||| qw: Allow faded altars: false
     0 | D:1      | 0 ||| qw: Do Orc after clearing Dungeon:15 true
     0 | D:1      | 0 ||| qw: Do second Lair branch before Depths: true
     0 | D:1      | 0 ||| qw: Lair rune preference: random
     0 | D:1      | 0 ||| qw: Goals: Normal
     0 | D:1      | 0 ||| PLANNING D:1-11
    24 | D:1      | Reached skill level 3 in Dodging
   103 | D:1      | Reached XP level 2. HP: 14/14 MP: 3/3
   407 | D:1      | 407 ||| UPGRADING to ring of positive energy.
   408 | D:1      | 408 ||| DRINKING 2 black potions.
   409 | D:1      | 409 ||| DRINKING 3 murky cyan potions.
   432 | D:1      | 432 ||| DROPPING scroll of butterflies.
   433 | D:1      | 433 ||| DROPPING 2 potions of lignification.
   490 | D:2      | Reached XP level 3. HP: 18/18 MP: 4/4
   495 | D:2      | 495 ||| FLEEEEING.
   496 | D:2      | 496 ||| FLEEEEING.
   497 | D:2      | 497 ||| FLEEEEING.
   499 | D:2      | 499 ||| FLEEEEING.
   500 | D:2      | 500 ||| FLEEEEING.
   501 | D:2      | 501 ||| FLEEEEING.
   502 | D:2      | 502 ||| FLEEEEING.
   503 | D:2      | 503 ||| FLEEEEING.
   506 | D:2      | 506 ||| FLEEEEING.
   507 | D:2      | 507 ||| FLEEEEING.
   508 | D:2      | 508 ||| FLEEEEING.
   509 | D:2      | 509 ||| FLEEEEING.
   510 | D:2      | 510 ||| FLEEEEING.
   511 | D:2      | 511 ||| FLEEEEING.
   512 | D:2      | 512 ||| FLEEEEING.
   513 | D:2      | 513 ||| FLEEEEING.
   517 | D:2      | 517 ||| FLEEEEING.
   518 | D:2      | 518 ||| STAIRDANCE
   558 | D:2      | HP: 2/18 [gnoll/+0 flail (8)]
   658 | D:2      | Noticed Terence
   666 | D:2      | HP: 3/18 [gnoll/+2 spear of pain (9)]
   668 | D:2      | Slain by Terence

Levels and vault maps discovered:
D:1:      minmay_arrival_solitary_statue, layout_basic
D:2:      layout_basic, ebering_ecumenical_altar_hall, uniq_terence

Skill      XL: |  1 |
---------------+----+-----
Dodging        | 4 |  4.1
Fighting       | |  1.5
Ranged Weapons | |  4.7
Stealth        | |  1.5

Action                     || total
---------------------------++-------
   Fire: Shortbow          ||    85
    Use: Potion            ||     2
 Armour: Robe              ||    13
  Dodge: Dodged            ||    37

Table legend:
 A = Non-vault XP
 B = Vault XP
 C = Vault XP percentage of total XP
 D = Non-vault monster count
 E = Vault monster count
 F = Vault count percentage of total count
                 A         B        C        D         E       F
            +---------+---------+-------+---------+---------+-------
      Total |      71 |       0 |   0.0 |      19 |       0 |   0.0
            +---------+---------+-------+---------+---------+-------
        D:1 |      34 |       0 |   0.0 |      14 |       0 |   0.0
        D:2 |      37 |       0 |   0.0 |       5 |       0 |   0.0
            +---------+---------+-------+---------+---------+-------
